TOP OF THE 1ST |
Rome Braves batting - Pitching for Milwaukee (NYP) Brewers : RHP Josh Pelletier
|
Pitching: RHP Josh Pelletier
|
|
Batting: RHB Nate Taylor
|
0-0: Called Strike 0-1: Ball 1-1: Ground out 4-3 (Groundball, 4M, EV 84.4 MPH)
|
Batting: RHB Rafael Reyes
|
0-0: Called Strike 0-1: Fly out, F4 (Popup, 34D, EV 55.0 MPH)
|
Batting: LHB Ricardo Sandoval
|
0-0: Swinging Strike 0-1: SINGLE (Groundball, 34D, EV 108.1 MPH)
|
Batting: LHB Tamaichi Sasada
|
0-0: Ball Ricardo Sandoval is caught stealing 2nd base 2-6
|
Top of the 1st over - 0 runs, 1 hit, 0 errors, 0 left on base; Rome 0 - Milwaukee (NYP) 0 |
BOTTOM OF THE 1ST |
Milwaukee (NYP) Brewers batting - Pitching for Rome Braves : RHP Chris Hawkins
|
Pitching: RHP Chris Hawkins
|
|
Batting: SHB Aaron Neill
|
0-0: Ball 1-0: Called Strike 1-1: Ball 2-1: Foul Ball, location: 2F 2-2: Foul Ball, location: 2F 2-2: Foul Ball, location: 2F 2-2: Foul Ball, location: 2F 2-2: Strikes out swinging
|
Batting: LHB Tyler Francis
|
0-0: Called Strike 0-1: Fly out, F8 (Line Drive, 8RD, EV 101.9 MPH)
|
Batting: RHB Chris Maul
|
0-0: Ball 1-0: Called Strike 1-1: Ball 2-1: Ball 3-1: Called Strike 3-2: Foul Ball, location: 2F 3-2: Ground out 6-3 (Groundball, 6, EV 82.5 MPH)
|
Bottom of the 1st over - 0 runs, 0 hits, 0 errors, 0 left on base; Rome 0 - Milwaukee (NYP) 0 |
TOP OF THE 2ND |
Rome Braves batting - Pitching for Milwaukee (NYP) Brewers : RHP Josh Pelletier
|
Batting: LHB Tamaichi Sasada
|
0-0: Ball 1-0: Called Strike 1-1: Foul Ball, location: 2F 1-2: Ground out 2-3 (Groundball, 15S, EV 63.8 MPH)
|
Batting: RHB Justin Reich
|
0-0: Called Strike 0-1: Ball 1-1: Fly out, F4 (Line Drive, 34D, EV 74.4 MPH)
|
Batting: SHB Karl Starnes
|
0-0: Ground out U3 (Groundball, 3L, EV 77.5 MPH)
|
Top of the 2nd over - 0 runs, 0 hits, 0 errors, 0 left on base; Rome 0 - Milwaukee (NYP) 0 |
BOTTOM OF THE 2ND |
Milwaukee (NYP) Brewers batting - Pitching for Rome Braves : RHP Chris Hawkins
|
Batting: RHB Alfredo Sena
|
0-0: Called Strike 0-1: Fly out, F9 (Flyball, 89S, EV 82.5 MPH)
|
Batting: SHB Craig Wright
|
0-0: DOUBLE (Line Drive, 5D, EV 94.4 MPH)
|
Batting: RHB Jose Cerritos
|
0-0: Ball 1-0: Ball 2-0: Foul Ball, location: 2F 2-1: Swinging Strike 2-2: Fly out, F9 (Flyball, 9LS, EV 87.5 MPH)
|
Batting: LHB Sal Burgos
|
0-0: Ball 1-0: Called Strike 1-1: Swinging Strike 1-2: 2-RUN HOME RUN (Flyball, 9D, EV 93.8 MPH), Distance : 374 ft
|
Batting: SHB Robert Sayer
|
0-0: Called Strike 0-1: Ball 1-1: Ground out 4-3 (Groundball, 4, EV 93.8 MPH)
|
Bottom of the 2nd over - 2 runs, 2 hits, 0 errors, 0 left on base; Rome 0 - Milwaukee (NYP) 2 |
TOP OF THE 3RD |
Rome Braves batting - Pitching for Milwaukee (NYP) Brewers : RHP Josh Pelletier
|
Batting: RHB Tim Molchan
|
0-0: Ball 1-0: Called Strike 1-1: Called Strike 1-2: Foul Ball, location: 2F 1-2: Ball 2-2: Ground out 4-3 (Groundball, 4, EV 82.5 MPH)
|
Batting: RHB Costantino Dolfini
|
0-0: Ground out 4-3 (Groundball, 4, EV 86.2 MPH)
|
Batting: RHB Gebre-Giorgios Wangondu
|
0-0: Ball 1-0: Foul Ball, location: 2F 1-1: Ball 2-1: Ground out 1-3 (Groundball, 13, EV 74.4 MPH)
|
Top of the 3rd over - 0 runs, 0 hits, 0 errors, 0 left on base; Rome 0 - Milwaukee (NYP) 2 |
BOTTOM OF THE 3RD |
Milwaukee (NYP) Brewers batting - Pitching for Rome Braves : RHP Chris Hawkins
|
Batting: RHB Chris Fruit
|
0-0: Swinging Strike 0-1: Ball 1-1: Ground out 6-3 (Groundball, 6S, EV 86.9 MPH)
|
Batting: SHB Aaron Neill
|
0-0: Ball 1-0: Called Strike 1-1: Foul Ball, location: 2F 1-2: SINGLE (Groundball, 6S, EV 65.0 MPH) (infield hit)
|
Batting: LHB Tyler Francis
|
0-0: Ball Aaron Neill steals 2nd base 1-0: Ball 2-0: Foul Ball, location: 2F 2-1: Ball Passed Ball! Aaron Neill to third 3-1: Base on Balls
|
Batting: RHB Chris Maul
|
0-0: Called Strike 0-1: Ball 1-1: Ball 2-1: Fielders Choice at 2nd, 5-4 (Groundball, 56S, EV 88.8 MPH) Aaron Neill scores
|
Batting: RHB Alfredo Sena
|
0-0: Ball Chris Maul is caught stealing 2nd base 2-4
|
Bottom of the 3rd over - 1 run, 1 hit, 0 errors, 0 left on base; Rome 0 - Milwaukee (NYP) 3 |
TOP OF THE 4TH |
Rome Braves batting - Pitching for Milwaukee (NYP) Brewers : RHP Josh Pelletier
|
Batting: RHB Nate Taylor
|
0-0: Ball 1-0: Ball 2-0: Called Strike 2-1: Called Strike 2-2: Fly out, F7 (Flyball, 7S, EV 91.2 MPH)
|
Batting: RHB Rafael Reyes
|
0-0: Ball 1-0: DOUBLE (Flyball, 78D, EV 97.5 MPH)
|
Batting: LHB Ricardo Sandoval
|
0-0: Ball 1-0: Called Strike 1-1: Foul Ball, location: 2F 1-2: Ball Passed Ball! Rafael Reyes to third 2-2: Strikes out swinging
|
Batting: LHB Tamaichi Sasada
|
0-0: Ball 1-0: Ground out 4-3 (Groundball, 13, EV 88.1 MPH)
|
Top of the 4th over - 0 runs, 1 hit, 0 errors, 1 left on base; Rome 0 - Milwaukee (NYP) 3 |
BOTTOM OF THE 4TH |
Milwaukee (NYP) Brewers batting - Pitching for Rome Braves : RHP Chris Hawkins
|
Batting: RHB Alfredo Sena
|
0-0: Called Strike 0-1: Swinging Strike 0-2: Strikes out looking
|
Batting: SHB Craig Wright
|
0-0: Ball 1-0: Ball 2-0: Foul Ball, location: 2F 2-1: Swinging Strike 2-2: Ball 3-2: Strikes out swinging
|
Batting: RHB Jose Cerritos
|
0-0: Ground out 6-3 (Groundball, 56, EV 89.4 MPH)
|
Bottom of the 4th over - 0 runs, 0 hits, 0 errors, 0 left on base; Rome 0 - Milwaukee (NYP) 3 |
TOP OF THE 5TH |
Rome Braves batting - Pitching for Milwaukee (NYP) Brewers : RHP Josh Pelletier
|
Batting: RHB Justin Reich
|
0-0: Foul Ball, location: 2F 0-1: Ball 1-1: Swinging Strike 1-2: Ball 2-2: Ball 3-2: Ground out 5-3 (Groundball, 56S, EV 85.6 MPH)
|
Batting: SHB Karl Starnes
|
0-0: Called Strike 0-1: Ball 1-1: Called Strike 1-2: Strikes out looking
|
Batting: RHB Tim Molchan
|
0-0: Foul Ball, location: 2F 0-1: Ground out 6-3 (Groundball, 6, EV 81.9 MPH)
|
Top of the 5th over - 0 runs, 0 hits, 0 errors, 0 left on base; Rome 0 - Milwaukee (NYP) 3 |
BOTTOM OF THE 5TH |
Milwaukee (NYP) Brewers batting - Pitching for Rome Braves : RHP Chris Hawkins
|
Batting: LHB Sal Burgos
|
0-0: Ball 1-0: Ball 2-0: DOUBLE (Line Drive, 78XD, EV 105.0 MPH)
|
Batting: SHB Robert Sayer
|
0-0: Ball 1-0: Foul Ball, location: 2F 1-1: Ball 2-1: Ball 3-1: Foul Ball, location: 2F 3-2: DOUBLE (Line Drive, 78D, EV 102.5 MPH) Sal Burgos scores
|
Batting: RHB Chris Fruit
|
0-0: Ball 1-0: Called Strike 1-1: Ball 2-1: Swinging Strike 2-2: Foul Ball, location: 2F 2-2: Strikes out swinging
|
Batting: SHB Aaron Neill
|
0-0: Foul Ball, location: 2F 0-1: Swinging Strike 0-2: Ball Wild Pitch! Robert Sayer to third 1-2: Ball 2-2: Ball 3-2: Strikes out swinging
|
Batting: LHB Tyler Francis
|
0-0: Ball 1-0: Foul Ball, location: 2F 1-1: Swinging Strike 1-2: Ball 2-2: Foul Ball, location: 2F 2-2: Foul Ball, location: 2F 2-2: Ground out 1-3 (Groundball, 15S, EV 70.6 MPH)
|
Bottom of the 5th over - 1 run, 2 hits, 0 errors, 1 left on base; Rome 0 - Milwaukee (NYP) 4 |
TOP OF THE 6TH |
Rome Braves batting - Pitching for Milwaukee (NYP) Brewers : RHP Josh Pelletier
|
Batting: RHB Costantino Dolfini
|
0-0: Ball 1-0: Foul Ball, location: 2F 1-1: Ball 2-1: Foul Ball, location: 2F 2-2: Ball 3-2: Foul Ball, location: 2F 3-2: Ground out 5-3 (Groundball, 5L, EV 89.4 MPH)
|
Batting: RHB Gebre-Giorgios Wangondu
|
0-0: Ball 1-0: Ground out 5-3 (Groundball, 56, EV 103.1 MPH)
|
Batting: RHB Nate Taylor
|
0-0: Ball 1-0: Ball 2-0: Foul Ball, location: 2F 2-1: Ball 3-1: Called Strike 3-2: Foul Ball, location: 2F 3-2: Strikes out swinging
|
Top of the 6th over - 0 runs, 0 hits, 0 errors, 0 left on base; Rome 0 - Milwaukee (NYP) 4 |
BOTTOM OF THE 6TH |
Milwaukee (NYP) Brewers batting - Pitching for Rome Braves : RHP Chris Hawkins
|
Pitching: RHP Marvin Rosas
|
|
Batting: RHB Chris Maul
|
0-0: Ball 1-0: Ball 2-0: Called Strike 2-1: Fly out, F9 (Line Drive, 9, EV 91.2 MPH)
|
Batting: RHB Alfredo Sena
|
0-0: Ball 1-0: Swinging Strike 1-1: Ball 2-1: Swinging Strike 2-2: Strikes out looking
|
Batting: SHB Craig Wright
|
0-0: Called Strike 0-1: Foul Ball, location: 2F 0-2: Strikes out swinging
|
Bottom of the 6th over - 0 runs, 0 hits, 0 errors, 0 left on base; Rome 0 - Milwaukee (NYP) 4 |
TOP OF THE 7TH |
Rome Braves batting - Pitching for Milwaukee (NYP) Brewers : RHP Josh Pelletier
|
Batting: RHB Rafael Reyes
|
0-0: Ball 1-0: Foul Ball, location: 2F 1-1: Ball 2-1: Foul Ball, location: 2F 2-2: SINGLE (Line Drive, 8RS, EV 98.1 MPH)
|
Batting: LHB Ricardo Sandoval
|
0-0: Called Strike Rafael Reyes steals 2nd base 0-1: Ball 1-1: Swinging Strike 1-2: Strikes out swinging
|
Batting: LHB Tamaichi Sasada
|
0-0: Called Strike 0-1: Ball 1-1: Ball 2-1: Foul Ball, location: 2F 2-2: Foul Ball, location: 2F 2-2: Ball 3-2: Ground out 5-3 (Groundball, 56, EV 89.4 MPH)
|
Batting: RHB Justin Reich
|
0-0: Ball 1-0: Ground out 4-3 (Groundball, 4S, EV 65.6 MPH)
|
Top of the 7th over - 0 runs, 1 hit, 0 errors, 1 left on base; Rome 0 - Milwaukee (NYP) 4 |
BOTTOM OF THE 7TH |
Milwaukee (NYP) Brewers batting - Pitching for Rome Braves : RHP Marvin Rosas
|
Batting: RHB Jose Cerritos
|
0-0: Called Strike 0-1: Ball 1-1: Ground out U3 (Groundball, 23, EV 89.4 MPH)
|
Batting: LHB Sal Burgos
|
0-0: Called Strike 0-1: Ball 1-1: Called Strike 1-2: Ground out 5-3 (Groundball, 5, EV 83.8 MPH)
|
Batting: SHB Robert Sayer
|
0-0: Ball 1-0: Called Strike 1-1: Called Strike 1-2: Ball 2-2: Strikes out swinging
|
Bottom of the 7th over - 0 runs, 0 hits, 0 errors, 0 left on base; Rome 0 - Milwaukee (NYP) 4 |
TOP OF THE 8TH |
Rome Braves batting - Pitching for Milwaukee (NYP) Brewers : RHP Josh Pelletier
|
Batting: SHB Karl Starnes
|
0-0: Called Strike 0-1: Ground out 5-3 (Groundball, 5L, EV 91.9 MPH)
|
Batting: RHB Tim Molchan
|
0-0: Ground out 6-3 (Groundball, 6, EV 105.6 MPH)
|
Batting: RHB Costantino Dolfini
|
0-0: Called Strike 0-1: Foul Ball, location: 2F 0-2: Ball 1-2: Foul Ball, location: 2F 1-2: Foul Ball, location: 2F 1-2: SINGLE (Line Drive, 78M, EV 95.0 MPH)
|
Pitching: RHP Dave Bible
|
|
Batting: RHB Gebre-Giorgios Wangondu
|
0-0: Called Strike 0-1: Ground out U3 (Groundball, 3, EV 78.1 MPH)
|
Top of the 8th over - 0 runs, 1 hit, 0 errors, 1 left on base; Rome 0 - Milwaukee (NYP) 4 |
BOTTOM OF THE 8TH |
Milwaukee (NYP) Brewers batting - Pitching for Rome Braves : RHP Marvin Rosas
|
Batting: RHB Chris Fruit
|
0-0: Ball 1-0: Foul Ball, location: 2F 1-1: Ball 2-1: Called Strike 2-2: Strikes out swinging
|
Batting: SHB Aaron Neill
|
0-0: Foul Ball, location: 2F 0-1: Ball 1-1: Ball 2-1: Fly out, F8 (Flyball, 8RD, EV 99.4 MPH)
|
Batting: LHB Tyler Francis
|
0-0: Ball 1-0: Called Strike 1-1: Called Strike 1-2: Fly out, F4 (Popup, 4MD, EV 58.1 MPH)
|
Bottom of the 8th over - 0 runs, 0 hits, 0 errors, 0 left on base; Rome 0 - Milwaukee (NYP) 4 |
TOP OF THE 9TH |
Rome Braves batting - Pitching for Milwaukee (NYP) Brewers : RHP Dave Bible
|
Pitching: RHP Drew Tollefsen
|
|
Batting: RHB Nate Taylor
|
0-0: Ball 1-0: Called Strike 1-1: Ground out 5-3 (Groundball, 5L, EV 78.8 MPH)
|
Batting: RHB Rafael Reyes
|
0-0: Fly out, F9 (Flyball, 9S, EV 85.6 MPH)
|
Batting: LHB Ricardo Sandoval
|
0-0: Ball 1-0: Fly out, F7 (Flyball, 7, EV 95.0 MPH)
|
Top of the 9th over - 0 runs, 0 hits, 0 errors, 0 left on base; Rome 0 - Milwaukee (NYP) 4 |
|